Map: Dasan Station LE

Players

Mario - Winner!

  • Race: Terran Terran
  • League: Diamond
  • Spawn Location: 12:00

Zull

  • Race: Zerg Zerg
  • League: Platinum
  • Spawn Location: 6:00

VOD

Have the link to the VOD?

Description

Time

  • Played on: Oct. 8, 2016, 10:20 a.m.
  • Length: 7:05
Show
View Real Time Build Order
Export as new Build Order

Mario Terran - Winner!

Build Orders:  

Get SALT Encoding   

  12  0:00  SCV  
  13  0:13  SCV  
  14  0:17  Supply Depot  
  14  0:25  SCV  
  15  0:38  SCV  
  15  0:39  Barracks  
  16  0:44  Refinery  
  16  0:50  SCV  
  17  1:03  SCV  
  18  1:15  SCV  
  19  1:22  Supply Depot  
  19  1:27  SCV  
  20  1:34  Marine  
  21  1:47  Command Center  
  21  1:50  Orbital Command  
  21  2:04  Barracks Reactor  
  21  2:09  Factory  
  21  2:10  Refinery  
  21  2:15  SCV  
  22  2:28  SCV  
  23  2:41  Barracks  
  23  2:42  Marine x2  
  25  2:54  Factory Reactor, Starport  
  24  3:02  Marine x2  
  26  3:12  Armory  
  26  3:18  Refinery  
  26  3:20  Refinery  
  26  3:22  Orbital Command  
  26  3:30  Barracks Tech Lab  
  26  3:39  SCV  
  26  3:40  Factory Tech Lab  
  27  3:51  SCV x2  
  29  3:56  Marine  
  29  3:57  Marine  
  31  4:03  SCV  
  32  4:13  Thor  
  38  4:19  Medivac  
  40  4:26  SCV x2  
  42  4:33  Supply Depot  
  43  4:38  SCV x2  
  43  4:45  Supply Depot  
  44  4:49  Supply Depot  
  44  4:52  Supply Depot  
  44  4:53  Marine x2  
  44  4:55  Marine  
  47  5:06  Thor  
  53  5:10  Marine  
  54  5:16  SCV x2  
  54  5:19  Supply Depot  
  56  5:25  Supply Depot  
  56  5:30  Marine x3  
  59  5:52  Medivac  
  61  6:05  Marine  
  61  6:06  Marine x2, Bunker  
  70  6:30  Marine  
  70  6:31  Marine x2  
  73  6:38  Bunker  
Show
View Real Time Build Order
Export as new Build Order

Zull Zerg 

Build Orders: Pool First 

Get SALT Encoding   

  12  0:01  Drone  
  13  0:08  Drone  
  14  0:16  Overlord  
  14  0:35  Drone x3  
  17  0:45  Spawning Pool  
  17  0:47  Extractor  
  15  0:50  Drone  
  16  1:13  Hatchery  
  16  1:15  Drone  
  16  1:23  Drone  
  17  1:32  Drone x2  
  19  1:40  Drone  
  19  1:43  Queen  
  22  1:52  Overlord  
  22  2:14  Hatchery  
  21  2:20  Lair  
  21  2:29  Queen  
  23  2:46  Zergling x10  
  28  3:06  Metabolic Boost  
  28  3:19  Baneling Nest  
  27  3:22  Overlord x2  
  27  3:41  Zergling x12  
  33  3:56  Spore Crawler  
  33  4:01  Spore Crawler  
  31  4:06  Spore Crawler  
  31  4:09  Zergling x4  
  33  4:10  Zergling x6  
  35  4:31  Queen  
  35  4:33  Zergling x8  
  41  4:45  Spire  
  41  4:47  Drone  
  41  4:51  Drone  
  42  5:00  Baneling x3  
  42  5:03  Baneling  
  42  5:13  Overlord x2  
  40  5:55  Drone  
  40  5:56  Drone x7  
  43  6:11  Baneling  
  41  6:20  Baneling x2  
  41  6:21  Baneling  
  41  6:32  Baneling x2  
  41  6:33  Baneling x3  
Tags
 
Add a new tag
Caveats
  • Supply blocks, unpowered buildings, or Contaminate may cause inaccurate times.
  • Supply counts are checked every 10 seconds.